 Dungeon Crawl Stone Soup version 0.31-a0-625-gc9c7e45f3f (webtiles) character file.

Game seed: 3497403081359564543

2 GordonOverkill the Sneak (level 1, -9/11 HPs)
             Began as a Vine Stalker Delver on Aug 24, 2023.
             Mangled by an iguana (12 damage)
             ... on level 5 of the Dungeon.
             The game lasted 00:00:47 (105 turns).

GordonOverkill the Sneak (Vine Stalker Delver)       Turns: 105, Time: 00:00:47

Health: -9/11      AC:  3    Str: 14    XL:     1   Next: 30%
Magic:  0/2        EV: 11    Int: 10    God:
Gold:   8          SH:  0    Dex: 15    Spells: 0/0 levels left

rFire   . . .        a - +0 short sword
rCold   + . .        (no shield)
rNeg    . . .        d - +0 leather armour {rC+}
rPois   .            (no helmet)
rElec   .            (no cloak)
rCorr   .            (no gloves)
SInv    .            (no boots)
Will    .....        (no amulet)
Stlth   +++          (no ring)
HPRegen 0.21/turn    (no ring)
MPRegen 0.08/turn

%: guardian spirit
@: no status effects
A: fangs 2, magic shield, antimagic bite, no potion heal 2
a: no special abilities


You were on level 5 of the Dungeon.
You visited 1 branch of the dungeon, and saw 3 of its levels.

You collected 8 gold pieces.

Inventory:

Hand Weapons
 a - a +0 short sword (weapon)
Armour
 d - a +0 leather armour of cold resistance (worn)
Wands
 g - a wand of digging (3)
Scrolls
 c - a scroll of fog
 e - a scroll of fear
Potions
 f - a potion of haste
 h - a potion of curing {unknown}


   Skills:
 + Level 2.8 Fighting
 - Level 1.7 Short Blades
 - Level 1.5 Dodging
 - Level 6.0 Stealth


You couldn't memorise any spells.
You didn't know any spells.
Your spell library was empty.

Dungeon Overview and Level Annotations

Branches:
Dungeon (7/15)
 Temple: D:4-7

Altars:


Innate Abilities, Weirdness & Mutations

You have extremely sharp teeth.
When hurt, damage is shared between your health and your magic reserves.
Your bite disrupts and absorbs the magic of your enemies.
Potions cannot restore your health.


Message History

The orc closely misses you.
You closely miss the orc.
The orc is heavily wounded.
The orc closely misses you.
You hit the orc but do no damage. Your bite misses the orc.
The orc is heavily wounded.
The orc misses you.
You hit the orc.
The orc is almost dead.
You hit the orc.
You kill the orc!
Things that are here:
a +0 club; a +0 leather armour of cold resistance
As you read the scroll of revelation, it crumbles to dust.
You feel aware of your surroundings.
You sensed 1 shop/portal.
Found 8 gold pieces.
d - a +0 leather armour of cold resistance You start removing your armour.
You continue taking off your +0 leather armour. x4
You finish taking off your +0 leather armour.
You start putting on your armour.
You continue putting on your +0 leather armour of cold resistance. x5
You finish putting on your +0 leather armour of cold resistance.
You feel resistant to cold.
You drop a +0 leather armour.
You now have 8 gold pieces.
HP restored.
Found 4 gold pieces.
An iguana comes into view.
The helpless iguana fails to defend itself.
You puncture the iguana! Your bite misses the iguana.
The iguana is almost dead.
The iguana bites you!
Ouch! That really hurt!
* * * LOW HITPOINT WARNING * * *
You closely miss the iguana.
The iguana is almost dead.
The iguana bites you!
Ouch! That really hurt!
You die...

*,,,,,,,,,,,,,* *,*
,,,,,,,,,,,,,,* *,*
*,******,***#,*******,***
,,* *,* #.,,,,,,,,,,* ***
*,* ##.#******,*,* *
*,###..$#* *,#,*
*,....#..#####.#.*
****,**#............*
*,,,,,**#..l@..#*,,,*
*,***,* #####..#*..#* *,*
*,* #..##..# *,***,*
#..##..# *,,,,,* #..##..#
** ***,,** #..##..# ,*
*,,* #####..##..#### >*
*,***##.............# ,*
*,,,,...........###.#


You could see an iguana.

Vanquished Creatures
  An orc (D:5)
1 creature vanquished.

Notes
Turn   | Place    | Note
-------+----------+-------------------------------------------
     0 | D:5      | GordonOverkill the Vine Stalker Delver began the quest for
                  | the Orb.
     0 | D:5      | Reached XP level 1. HP: 11/11 MP: 2/2
    14 | D:6      | Noticed an ogre
    30 | D:7      | Noticed a sky beast
    36 | D:7      | Noticed a killer bee
   102 | D:5      | Noticed an iguana
   105 | D:5      | Mangled by an iguana

Illustrated notes

Levels and vault maps discovered:
D:5:      corexii_shantytown, layout_loops_ring, gup_sewer_entry_bowl
D:6:      layout_gridville, minmay_temple_entry_sparse_star
D:7:      layout_basic, lemuel_doored_altar,
          mainiacjoe_overflow_concentric_impassable, uniq_crazy_yiuf_cottage,
          uniq_menkaure

Action                     || total
---------------------------++-------
  Melee: Short sword       ||    11
         Bite              ||     4
    Use: Scroll            ||     1
   Stab: Sleeping          ||     1
 Armour: Leather armour    ||     1
  Dodge: Dodged            ||     7

Table legend: (Time is in decaauts)
 A = Elapsed time spent in this place.
 B = Non-inter-level travel time spent in this place.
 C = Inter-level travel time spent in this place.
 D = Time resting spent in this place.
 E = Time spent auto-exploring this place.
 F = Levels seen in this place.
 G = Mean time per level.
                   A        B        C        D        E       F      G
               +--------+--------+--------+--------+--------+-----+--------+
         Total |    104 |    104 |      0 |      0 |      0 |   3 |   34.7 |
       Dungeon |    104 |    104 |      0 |      0 |      0 |   3 |   34.7 |
               +--------+--------+--------+--------+--------+-----+--------+

Top non-repeatable levels by time:
     D:5: 40 daAuts
     D:7: 34 daAuts
     D:6: 28 daAuts
